 Dungeon Crawl Stone Soup version 0.23.0-33-g5e6c059 (webtiles) character file.

Game seed: 12491961326907542569

5431 pjoxt the Spear-Bearer (level 10, -14/63 HPs)
             Began as a Gargoyle Monk on Feb 26, 2019.
             Was a High Priest of Makhleb.
             Demolished by an enormous slime creature (75 damage)
             ... on level 12 of the Dungeon.
             The game lasted 00:28:09 (8764 turns).

pjoxt the Spear-Bearer (Gargoyle Monk)              Turns: 8764, Time: 00:28:10

Health: -14/63     AC: 16    Str: 18    XL:     10   Next: 67%
Magic:  15/15      EV: 12    Int: 11    God:    Makhleb [*****.]
Gold:   219        SH:  0    Dex: 12    Spells: 9/9 levels left

rFire    . . .     SeeInvis .   G - +4 quarterstaff (chaos)
rCold    . . .     Gourm    .   (shield currently unavailable)
rNeg     + . .     Faith    .   k - +0 ring mail
rPois    ∞         Spirit   .   (no helmet)
rElec    +         Reflect  .   z - +2 cloak
rCorr    +         Harm     .   (no gloves)
MR       .....                  (no boots)
Stlth    +.........             (no amulet)
HPRegen  0.20/turn              u - ring of resist corrosion
MPRegen  0.14/turn              (no ring)

@: lightly drained
A: negative energy resistance 1, electricity resistance, unbreathing,
petrification resistance, rot immunity, AC +7
a: Minor Destruction, Lesser Servant of Makhleb, Major Destruction, Greater
Servant of Makhleb, Renounce Religion


You were on level 12 of the Dungeon.
You worshipped Makhleb.
Makhleb was extremely pleased with you.
You were not hungry.

You visited 1 branch of the dungeon, and saw 10 of its levels.

You collected 369 gold pieces.
You spent 150 gold pieces at shops.

Inventory:

Hand Weapons
 a - a +0 trident
 G - a +4 quarterstaff of chaos (weapon)
Armour
 b - a +0 robe
 k - a +0 ring mail (worn)
 z - a +2 cloak (worn)
Jewellery
 u - a ring of resist corrosion (left hand)
 I - an uncursed ring of ice
 J - an uncursed amulet of harm
Wands
 e - a wand of scattershot (4)
 w - a wand of polymorph (5)
 C - a wand of clouds (4)
 D - a wand of paralysis (3)
 F - a wand of acid (5)
 H - a wand of random effects (22)
Scrolls
 f - 3 scrolls of amnesia
 h - 5 scrolls of remove curse
 j - 2 scrolls of enchant weapon
 n - a scroll of random uselessness {unknown}
 p - 2 scrolls of teleportation
 s - a scroll of noise {unknown}
 y - 3 scrolls of blinking
 B - a scroll of immolation {unknown}
 K - a scroll of fog {unknown}
Potions
 d - a potion of heal wounds {unknown}
 g - 7 potions of curing
 i - 4 potions of haste
 l - 6 potions of cancellation
 m - a potion of mutation {unknown}
 o - a potion of ambrosia {unknown}
 q - 3 potions of agility
 r - a potion of flight {unknown}
 t - 2 potions of berserk rage {unknown}
 v - 2 potions of brilliance {unknown}
 E - 4 potions of might {unknown}
Comestibles
 c - 19 rations


   Skills:
 - Level 7.3(7.0) Fighting
 - Level 8.1(8.6) Polearms
 * Level 5.8(7.9) Staves
 - Level 6.0(5.7) Armour
 - Level 3.1(2.8) Dodging
 - Level 2.1(1.9) Stealth
 + Level 7.5(7.3) Invocations
 + Level 3.4(3.2) Evocations


You had 9 spell levels left.
You didn't know any spells.
Your spell library contained the following spells:

 Spells                   Type           Power        Failure   Level  Hunger
 Beastly Appendage        Tmut           #.....       52%         1    ##.....
 Corona                   Hex            #......      52%         1    ##.....
 Flame Tongue             Conj/Fire      #....        52%         1    ##.....
 Slow                     Hex            #.......     65%         2    ###....
 Inner Flame              Hex/Fire       #.......     87%         3    ####...
 Portal Projectile        Hex/Tloc       #.....       87%         3    ####...
 Cause Fear               Hex            #.........   99%         4    #####..
 Ice Form                 Ice/Tmut       #.......     99%         4    #####..
 Leda's Liquefaction      Hex/Erth       #.........   99%         4    #####..
 Dragon Form              Tmut           #.........   100%        7    #######
 Ring of Flames           Chrm/Fire      #.........   100%        7    #######


Dungeon Overview and Level Annotations

Branches:
Dungeon (9/15)             Temple (0/1) D:7
   Lair: D:8-11         Orc: D:9-12

Altars:
Ashenzari
Cheibriados
Dithmenos
Elyvilon
Makhleb
Nemelex Xobeh
Trog
Xom

Shops:
D:5 *

Annotations:
D:3 3 runed translucent doors, bmj180's ghost, amateur DECj
D:6 1 runed translucent door, zkyp's ghost, novice FoSk
D:9 2 transporters


Innate Abilities, Weirdness & Mutations

You are resistant to torment.
Your stone body is resilient. (AC +7)
You are immune to poison.
You resist negative energy. (rN+)
You are resistant to electric shocks. (rElec)
You can survive without breathing.
You are immune to petrification.
You are immune to rotting.


Message History

Your ring mail prevents you from hitting the very large slime creature.
The very large slime creature is moderately wounded.
Two slime creatures merge to form an enormous slime creature.
You hit the enormous slime creature.
The enormous slime creature seems to slow down.
The enormous slime creature is moderately wounded.
You hit the enormous slime creature. You freeze the enormous slime creature.
The enormous slime creature is moderately wounded.
The enormous slime creature misses you.
You hit the enormous slime creature.
The enormous slime creature is moderately wounded.
A slime creature comes into view.
The enormous slime creature completely misses you.
You sock the enormous slime creature!
The enormous slime creature is moderately wounded.
You hit the enormous slime creature. You freeze the enormous slime creature.
The enormous slime creature is moderately wounded.
The enormous slime creature hits you!!!!
Ouch! That really hurt!
You die...

########### #
#..@Jo#.#.#..
#.###J#.....%
# #..'.#.#+#
###.##J.#.#.#
.JJ.....#.#$#
##......#####
#..###.# #..
... #. .....


You could see an enormous slime creature, a slime creature and an orc.

Vanquished Creatures
  4 yaks (D:9)
  Sigmund (D:5)
  A human (D:12)
  Duvessa (D:5)
  3 ice beasts
  2 orc warriors (D:8)
  A phantom (D:7)
  2 sky beasts
  A black bear (D:8)
  6 ogres
  A gnoll sergeant (D:6)
  5 bullfrogs
  2 wyvern skeletons
  5 scorpions
  Dowan (D:5)
  3 wights (D:7)
  A jelly (D:5)
  3 crimson imps
  2 bullfrog zombies
  A bullfrog skeleton (D:5)
  5 centaur skeletons
  A quasit (D:6)
  5 orc priests
  8 hounds
  4 orc wizards
  2 iguanas (D:9)
  4 worker ants
  A hound zombie (D:7)
  A worker ant zombie (D:8)
  9 adders
  5 gnolls (D:6)
  A shadow imp (D:8)
  3 oozes
  An adder skeleton (D:8)
  2 worms
  A dart slug (D:2)
  11 leopard geckos
  31 orcs
  3 ball pythons
  9 bats
  11 giant cockroaches
  5 goblins
  7 hobgoblins
  7 jackals
  5 quokkas
  4 frilled lizards
  8 kobolds
  A quokka skeleton (D:5)
  2 quokka zombies
  15 rats
218 creatures vanquished.

Vanquished Creatures (collateral kills)
  A two-headed ogre (D:8)
  Pikel (D:7)
  A slave (D:7)
  2 ogres (D:6)
  2 wights (D:7)
  Crazy Yiuf (D:7)
  An adder (D:6)
  A giant cockroach (D:8)
10 creatures vanquished.

Vanquished Creatures (others)
  2 slaves (D:7)
  A bullfrog (D:7)
3 creatures vanquished.

Grand Total: 231 creatures vanquished

Notes
Turn   | Place    | Note
-------+----------+-------------------------------------------
     0 | D:1      | pjoxt the Gargoyle Monk began the quest for the Orb.
     0 | D:1      | Reached XP level 1. HP: 14/14 MP: 1/1
   316 | D:1      | You fall through a shaft!
   319 | D:2      | Noticed a hound
   331 | D:2      | Killed a hound
   331 | D:2      | Reached skill level 3 in Polearms
   331 | D:2      | Reached XP level 2. HP: 10/20 MP: 2/2
   331 | D:2      | Reached XP level 3. HP: 12/24 MP: 3/3
   479 | D:2      | Found a burning altar of Makhleb.
   527 | D:2      | Became a worshipper of Makhleb the Destroyer
   527 | D:2      | Reached * piety under Makhleb
   527 | D:2      | Reached ** piety under Makhleb
   700 | D:2      | Reached XP level 4. HP: 24/29 MP: 4/4
  1787 | D:2      | Reached skill level 1 in Invocations
  1787 | D:2      | Reached XP level 5. HP: 33/33 MP: 5/5
  1947 | D:2      | Reached *** piety under Makhleb
  2040 | D:2      | Found a bloodstained altar of Trog.
  2042 | D:2      | Found a burning altar of Makhleb.
  2048 | D:2      | Reached skill level 1 in Armour
  2165 | D:3      | Found a runed translucent gate.
  2165 | D:3      | Found a runed translucent gate.
  2165 | D:3      | Found a runed translucent gate.
  2166 | D:3      | Noticed bmj180's ghost (amateur DECj)
  2320 | D:3      | Found a faded altar of an unknown god.
  2357 | D:3      | Reached skill level 4 in Polearms
  2562 | D:3      | Found a white marble altar of Elyvilon.
  2939 | D:4      | Noticed an ice beast
  3114 | D:4      | Reached XP level 6. HP: 34/39 MP: 7/7
  3624 | D:4      | Killed an ice beast
  3855 | D:4      | Found a shimmering altar of Xom.
  3925 | D:5      | Entered Level 5 of the Dungeon
  3931 | D:5      | Noticed Duvessa
  3988 | D:5      | Reached XP level 7. HP: 44/44 MP: 8/8
  4086 | D:5      | Reached skill level 5 in Polearms
  4338 | D:5      | Reached skill level 5 in Fighting
  4385 | D:5      | Noticed Sigmund
  4393 | D:5      | Killed Sigmund
  4400 | D:5      | Found Juseb's General Store.
  4404 | D:5      | Bought 2 potions of degeneration for 24 gold pieces
  4404 | D:5      | Bought a scroll of remove curse for 36 gold pieces
  4404 | D:5      | Bought a scroll of enchant armour for 90 gold pieces
  4518 | D:5      | Noticed Dowan
  4524 | D:5      | Killed Dowan
  4589 | D:5      | Killed Duvessa
  4589 | D:5      | Reached XP level 8. HP: 20/50 MP: 10/10
  4804 | D:6      | Found a runed translucent door.
  4804 | D:6      | Found a shimmering altar of Xom.
  4804 | D:6      | Noticed zkyp's ghost (novice FoSk)
  4807 | D:6      | Noticed a +1 falchion of chaos
  5027 | D:6      | Reached skill level 6 in Polearms
  5040 | D:6      | Reached **** piety under Makhleb
  5987 | D:7      | Reached skill level 7 in Polearms
  5987 | D:7      | Reached XP level 9. HP: 56/56 MP: 12/12
  6007 | D:7      | Reached skill level 5 in Invocations
  6011 | D:7      | Found a staircase to the Ecumenical Temple.
  6059 | D:7      | Reached skill level 5 in Armour
  6140 | D:7      | Noticed Pikel
  6158 | D:7      | Killed Pikel
  6210 | D:7      | Identified the Almanac of Unstable Flames
  6464 | D:7      | You fall through a shaft!
  6467 | D:8      | Noticed a two-headed ogre
  6474 | D:8      | Killed a two-headed ogre
  6474 | D:8      | Reached skill level 8 in Polearms
  6848 | D:7      | Found a runed translucent door.
  6849 | D:7      | Noticed Crazy Yiuf
  6854 | D:7      | Killed Crazy Yiuf
  7040 | D:8      | Reached skill level 1 in Staves
  7093 | D:8      | Reached skill level 1 in Evocations
  7105 | D:8      | Reached XP level 10. HP: 18/63 MP: 14/14
  7810 | D:8      | Reached ***** piety under Makhleb
  7887 | D:8      | Found a sparkling altar of Nemelex Xobeh.
  8076 | D:9      | Found a shattered altar of Ashenzari.
  8294 | D:9      | Reached skill level 5 in Staves
  8434 | D:9      | Found a shadowy altar of Dithmenos.
  8434 | D:9      | Noticed a fire dragon
  8436 | D:9      | Found a snail-covered altar of Cheibriados.
  8440 | D:9      | Found a transporter.
  8459 | D:9      | Found a transporter.
  8735 | D:9      | You fall through a shaft for 3 floors!
  8764 | D:12     | Demolished by an enormous slime creature

Skill      XL: |  1  2  3  4  5  6  7  8  9 10 |
---------------+-------------------------------+-----
Polearms       | 3 4 5 7 8 |  8.1
Fighting       | 4 5 6 7 |  7.3
Dodging        | 3 |  3.1
Invocations    | 1 2 3 4 6 7 |  7.5
Armour         | 1 2 3 4 6 |  6.0
Staves         | 2 5 |  5.8
Evocations     | 1 3 |  3.4
Stealth        | |  2.1

Action                   |  1- 3 |  4- 6 |  7- 9 | 10-12 || total
-------------------------+-------+-------+-------+-------++-------
Melee: Short sword       |    44 |   209 |       |       ||   253
       Spear             |     2 |       |       |       ||     2
       Trident           |       |    22 |   367 |       ||   389
       Quarterstaff      |       |       |    36 |   198 ||   234
Invok: Minor Destruction |     1 |    15 |    73 |     6 ||    95
       Lesser Servant of |       |       |     5 |       ||     5
       Major Destruction |       |       |       |     1 ||     1
  Use: Scroll            |       |       |     8 |     4 ||    12
 Stab: Sleeping          |     4 |     4 |       |       ||     8
       Paralysed         |       |       |       |     3 ||     3
       Confused          |       |       |       |     1 ||     1
       Petrifying        |       |       |       |     1 ||     1
       Petrified         |       |       |       |     1 ||     1
  Eat: Chunk             |       |    10 |    10 |     6 ||    26
Armor: Robe              |    10 |       |       |       ||    10
       Ring mail         |    10 |   145 |   170 |    92 ||   417
Dodge: Dodged            |    31 |   165 |   211 |   105 ||   512
